 Dungeon Crawl Stone Soup version 0.29.1-2-gbd0b4ee654 (webtiles) character file.

Game seed: 12734392148372106950

50 Icepheonix32 the Covered (level 3, -3/31 HPs)
             Began as a Demigod Fighter on Nov 4, 2022.
             Splashed by a jelly's acid (8 damage)
             ... on level 2 of the Dungeon.
             The game lasted 00:01:18 (1476 turns).

Icepheonix32 the Covered (Demigod Fighter)          Turns: 1476, Time: 00:01:19

Health: -3/31      AC: -1    Str: 21    XL:     3   Next: 35%
Magic:  5/5        EV:  9    Int: 10    God:
Gold:   84         SH:  4    Dex: 13    Spells: 2/2 levels left

rFire   . . .      SeeInvis .   a - +0 long sword
rCold   . . .      Faith    .   c - +0 buckler
rNeg    . . .      Spirit   .   b - +0 scale mail
rPois   .          Reflect  .   (no helmet)
rElec   .          Harm     .   (no cloak)
rCorr   .          Rampage  .   (no gloves)
Will    .....                   (no boots)
Stlth   ..........              (no amulet)
HPRegen 0.10/turn               (no ring)
MPRegen 0.09/turn               (no ring)

@: corroded
A: high MP 1, forlorn, divine attributes
a: no special abilities


You were on level 2 of the Dungeon.
You visited 1 branch of the dungeon, and saw 2 of its levels.

You collected 84 gold pieces.

Inventory:

Hand Weapons
 a - a +0 long sword (weapon)
Missiles
 h - 15 poisoned darts (quivered)
Armour
 b - a +0 scale mail (worn)
 c - a +0 buckler (worn)
Wands
 n - a wand of flame (13)
Scrolls
 f - 4 scrolls of identify {unknown}
 i - a scroll of blinking {unknown}
 k - a scroll of butterflies {unknown}
 l - a scroll of fear {unknown}
 m - a scroll of noise {unknown}
 o - a scroll of silence {unknown}
 p - a scroll of magic mapping {unknown}
Potions
 d - a potion of might
 e - 3 potions of flight {unknown}
 g - a potion of curing {unknown}
 j - a potion of lignification {unknown}


   Skills:
 + Level 3.0 Fighting
 - Level 2.1 Long Blades
 + Level 3.3 Armour
 + Level 0.5 Dodging
 + Level 3.0 Shields


You had 2 spell levels left.
You didn't know any spells.
Your spell library contained the following spells:

 Spells                   Type           Power      Damage    Failure   Level
 Necrotise                Necr           0%         1d4       80%         1
 Shock                    Conj/Air       0%         1d3       80%         1
 Slow                     Hex            0%         N/A       80%         1
 Confusing Touch          Hex            0%         N/A       99%         3
 Ignite Poison            Fire/Tmut/Pois 0%         N/A       99%         3
 Mephitic Cloud           Conj/Pois/Air  0%         N/A       99%         3
 Vampiric Draining        Necr           0%         2d6       99%         3
 Sticky Flame             Conj/Fire      0%         2d3       100%        4
 Agony                    Necr           0%         N/A       100%        5
 Freezing Cloud           Conj/Ice/Air   0%         6-21      100%        5
 Orb of Destruction       Conj           0%         9d5       100%        7
 Ignition                 Fire           0%         3d3       100%        8


Dungeon Overview and Level Annotations

Branches:
Dungeon (2/15)


Innate Abilities, Weirdness & Mutations

You have an increased reservoir of magic. (+10% MP)
You shall have no god before yourself.
Your divine heritage dramatically boosts your attributes as you level up.


Message History

No target in view!
No target in view!
No target in view!
No target in view!
No target in view!
No target in view!
p - a scroll labelled KONOHE RILUL A goblin comes into view.
It is wielding a +0 club.
There are monsters nearby!
There are monsters nearby!
The goblin shouts!
You see here a rat corpse.
The hobgoblin hits you.
A rat comes into view.
You slash the hobgoblin!
You kill the hobgoblin!
A jelly comes into view.
The jelly quivers.
The rat twitches its whiskers.
You block the goblin's attack.
You closely miss the goblin. The goblin hits you with a +0 club.
A worm comes into view.
The goblin hits you with a +0 club.
You slash the goblin!
You kill the goblin!
You barely miss the rat. The rat barely misses you. x2
You barely miss the jelly. The jelly closely misses you.
The rat barely misses you.
You hit the jelly.
Your hands burn!
The jelly is lightly wounded.
The jelly hits you but does no damage. The rat bites you.
You hit the jelly. The acid corrodes you!
Your hands burn!
The jelly is moderately wounded.
The jelly hits you. The acid corrodes you!
You are splashed with acid!
* * * LOW HITPOINT WARNING * * *
The rat bites you.
* * * LOW HITPOINT WARNING * * *
The jelly hits you.
* * * LOW HITPOINT WARNING * * *
You are splashed with acid!
You die...

#.#.# #.... #.#.# #...#
#.#.+ ### ##...#
..######## #..#r##+##.#
.........####.#.@Jw.....
###...........†#†#.#.#.#
############........
########.. #.


You could see a worm, a jelly and a rat.

Vanquished Creatures
  2 adders (D:2)
  A dart slug (D:2)
  A giant cockroach (D:1)
  3 goblins
  3 hobgoblins
  6 jackals (D:1)
  3 ball pythons (D:1)
  2 bats (D:1)
  4 kobolds
  3 rats
28 creatures vanquished.

Vanquished Creatures (others)
  5 toadstools (D:2)
5 creatures vanquished.

Grand Total: 33 creatures vanquished

Notes
Turn   | Place    | Note
-------+----------+-------------------------------------------
     0 | D:1      | Icepheonix32 the Demigod Fighter began the quest for the
                  | Orb.
     0 | D:1      | Reached XP level 1. HP: 18/18 MP: 3/3
   307 | D:1      | Reached XP level 2. HP: 25/25 MP: 4/4
  1254 | D:2      | Got the Grimoire of Torrid Striking
  1269 | D:2      | Reached XP level 3. HP: 30/31 MP: 5/5
  1476 | D:2      | Splashed by a jelly's acid

Illustrated notes

Levels and vault maps discovered:
D:1:      scummos_arrival_gate, layout_loops_cross, minmay_pentomino_q4
D:2:      cheibrodos_fertilizer, layout_basic, minmay_misc_feat_doors

Skill      XL: |  1  2  3 |
---------------+----------+-----
Long Blades    | 2 |  2.1
Armour         | 3 |  3.3
Fighting       | 3 |  3.0
Shields        | 3 |  3.0
Dodging        | |  0.5

Action                   || total
-------------------------++-------
Melee: Long sword        ||    90
Armor: Scale mail        ||    52
Dodge: Dodged            ||    47
Block: Buckler           ||    28
